 Dungeon Crawl Stone Soup version 0.17.1-3-g152610e (webtiles) character file.

26 Jerry the Magician (level 2, -2/20 HPs)
             Began as a Draconian Wizard on Mar 9, 2016.
             Slain by Crazy Yiuf
             ... wielding a +4 quarterstaff of chaos
              (12 damage)
             ... on level 2 of the Dungeon.
             The game lasted 00:04:49 (1334 turns).

Jerry the Magician (Draconian Wizard)               Turns: 1334, Time: 00:04:49

Health: -2/20      AC:  4    Str:  9    XL:     2   Next: 89%
Magic:  1/6        EV: 12    Int: 18    God:
Gold:   43         SH:  0    Dex:  9    Spells: 1 memorised, 6 levels left

rFire  . . .     SeeInvis .     m - +0 whip
rCold  . . .     Clarity  .     (armour unavailable)
rNeg   . . .     SustAt   .     (no shield)
rPois  .         Gourm    +     a - +0 hat
rElec  .         Spirit   .     (no cloak)
rCorr  .         Warding  .     (no gloves)
rMut   .         Stasis   .     (no boots)
MR     .....                    g - amulet of the gourmand
Stlth  +.........               (no ring)
                                (no ring)

@: slowed, very slow, not resistant to hostile enchantments, very unstealthy
A: unfitting armour, cold-blooded, AC +4
a: no special abilities


You were on level 2 of the Dungeon.
You were very hungry.

You visited 1 branch of the dungeon, and saw 2 of its levels.

You collected 43 gold pieces.

Inventory:

Hand Weapons
 m - a +0 whip (weapon)
Armour
 a - a +0 hat (worn)
Jewellery
 d - an uncursed amulet of faith
 g - an amulet of the gourmand (around neck)
Scrolls
 i - a scroll of enchant weapon {unknown}
 j - a scroll of remove curse {unknown}
 k - a scroll of identify {unknown}
 l - a scroll of enchant armour {unknown}
Potions
 e - a potion of ambrosia {unknown}
 f - a potion of heal wounds {unknown}
 h - a potion of curing {unknown}
Books
 b - a book of Minor Magic

   Spells                             Type                      Level
   a - Magic Dart                     Conjuration                  1
   b - Blink                          Translocation                2
   c - Call Imp                       Summoning                    2
   d - Repel Missiles                 Charms/Air                   2
   e - Slow                           Hexes                        2
   f - Conjure Flame                  Conjuration/Fire             3
   g - Mephitic Cloud                 Conjuration/Poison/Air       3
Comestibles
 c - 3 bread rations


   Skills:
 + Level 2.2 Dodging
 - Level 1.7 Stealth
 - Level 3.0 Spellcasting
 * Level 2.4 Conjurations
   Level 1.0 Summonings
   Level 1.0 Translocations


You had 6 spell levels left.
You knew the following spells:

 Your Spells              Type           Power        Failure   Level  Hunger
a - Magic Dart            Conj           ##..         8%          1    None


Dungeon Overview and Level Annotations

Branches:
Dungeon (2/15)

Altars:

Annotations:
D:2 Crazy Yiuf


Innate Abilities, Weirdness & Mutations

Your plain brown scales are hard (AC +4).
Your body does not fit into most forms of armour.
You are cold-blooded and may be slowed by cold attacks.


Message History

Press: ? - help, Shift-Dir - straight line, f/p - Crazy Yiuf
Aim: Crazy Yiuf, wielding a quarterstaff of chaos and wearing a cloak (heavily wounded)
The magic dart hits Crazy Yiuf.
Crazy Yiuf is heavily wounded.
Crazy Yiuf laughs, "Mugger Orb Guardian childish!"
Crazy Yiuf closely misses you.
Casting: Magic Dart
Confirm with . or Enter, or press ? or * to list all spells.
Aiming: Magic Dart
Press: ? - help, Shift-Dir - straight line, f/p - Crazy Yiuf
Aim: Crazy Yiuf, wielding a quarterstaff of chaos and wearing a cloak (heavily wounded)
The magic dart hits Crazy Yiuf.
Crazy Yiuf is severely wounded.
Crazy Yiuf hits you with a quarterstaff of chaos.
Crazy Yiuf burns you.
You barely miss Crazy Yiuf.
Crazy Yiuf is severely wounded.
Crazy Yiuf hits you with a quarterstaff of chaos!
Ouch! That really hurt!
You die...

........######.....#
...................#
........#.#.##..####
##.##.....#.##.<#
#.....#.##### #.......#
####♣♣ ###
#.####..######....♣♣ #..)#
#.......#####......♣♣♣♣.....#
....#.......#...@g...♣..♣ .#
#.##.##.#.##....♣.♣♣♣ #.
#.##.#.####♣♣♣♣♣ .. #....(.#
.. ####.### #.. #.# .. ..#
####


You could see Crazy Yiuf.

Vanquished Creatures
  2 oozes
  4 bats (D:1)
  3 goblins (D:1)
  A hobgoblin (D:1)
  3 kobolds
  A giant gecko (D:1)
  2 rats
16 creatures vanquished.

Notes
Turn   | Place    | Note
--------------------------------------------------------------
     0 | D:1      | Jerry the Draconian Wizard began the quest for the Orb.
     0 | D:1      | Reached XP level 1. HP: 14/14 MP: 4/4
   317 | D:1      | Reached XP level 2. HP: 17/20 MP: 0/6
  1317 | D:2      | Noticed Crazy Yiuf
  1334 | D:2      | Slain by Crazy Yiuf

Action                   || total
-------------------------++-------
Melee: Unarmed           ||     8
       Mace              ||    11
       Whip              ||     5
 Cast: Magic Dart        ||    40
